 Dungeon Crawl Stone Soup version 0.20.2-3-g29329e0561 (webtiles) character file.

2310 Alfie the Carver (level 9, -3/105 HPs)
             Began as a Minotaur Fighter on Jan 26, 2021.
             Killed from afar by an electric eel (8 damage)
             ... with a bolt of electricity
             ... on level 7 of the Dungeon.
             The game lasted 00:11:50 (5339 turns).

Alfie the Carver (Minotaur Fighter)                 Turns: 5339, Time: 00:11:50

Health: -3/105     AC: 24    Str: 24    XL:     9   Next: 18%
Magic:  8/8        EV:  2    Int:  5    God:
Gold:   319        SH: 11    Dex: 12    Spells: 8/8 levels left

rFire    + . .     SeeInvis .   a - +0 long sword
rCold    . . .     Gourm    .   u - +0 shield {rF+}
rNeg     + + +     Faith    .   (armour currently unavailable)
rPois    +         Spirit   .   (helmet unavailable)
rElec    .         Reflect  .   (cloak currently unavailable)
rCorr    .         Harm     .   (gloves currently unavailable)
MR       .....     NoTele   +   (boots currently unavailable)
Stlth    ++........             (no amulet)
Regen    0.3/turn               (no ring)
MPRegen  0.2/turn               (no ring)

@: tree-form
A: (retaliatory headbutt), agile 1, frail 1
a: no special abilities


You were on level 7 of the Dungeon.
You were not hungry.
You were a tree.
You visited 1 branch of the dungeon, and saw 7 of its levels.

You collected 319 gold pieces.

Inventory:

Hand Weapons
 a - a +0 long sword (weapon)
Armour
 b - a +1 scale mail (melded)
 g - a +0 pair of gloves (melded)
 i - a +2 pair of boots (melded)
 u - a +0 shield of fire resistance (worn)
 v - a +2 cloak (melded)
Jewellery
 n - an uncursed amulet of guardian spirit {unknown}
Wands
 l - a wand of confusion (25/48)
 o - a wand of confusion (23/48)
 r - a wand of flame (47/48)
 x - a wand of acid (8/15)
Scrolls
 e - a scroll of magic mapping
 h - a scroll of blinking
 j - 7 scrolls of teleportation
 p - a scroll of remove curse
 q - a scroll of identify
Potions
 c - a potion of agility {unknown}
 d - 2 potions of might
 k - a potion of flight
 t - 2 potions of magic
Comestibles
 f - a royal jelly


   Skills:
 + Level 6.6 Fighting
 + Level 9.5 Long Blades
 + Level 7.3 Armour
 + Level 3.1 Dodging
 + Level 1.3 Stealth
 + Level 7.4 Shields


You had 8 spell levels left.
You didn't know any spells.

Dungeon Overview and Level Annotations

Branches:
Dungeon (7/15)
 Temple: D:4-7

Altars:
Ashenzari
Cheibriados
Hepliaklqana
Ru
Zin
The Shining One

Shops:
D:4 (


Innate Abilities, Weirdness & Mutations

((You reflexively headbutt those who attack you in melee.))
((You have a pair of large horns on your head.))
You are agile. (Dex +2)
You are frail. (-10% HP)


Message History

The electric eel completely resists.
You hit the electric eel.
The electric eel is moderately wounded.
The electric eel shoots out a bolt of lightning at you!
The bolt of electricity hits you!
* * * LOW HITPOINT WARNING * * *
The bolt of electricity hits you!
* * * LOW HITPOINT WARNING * * *
The bolt of electricity hits the electric eel.
The electric eel completely resists.
It was a potion of cancellation.
You feel magically purged.
It was a potion of lignification.
You turn into a tree.
Your +2 cloak melds into your body.
Your +0 pair of gloves melds into your body.
Your +2 pair of boots melds into your body.
Your +1 scale mail melds into your body.
Your roots penetrate the ground.
The electric eel shoots out a bolt of lightning at you!
The bolt of electricity hits you!
You die...

#.###........≈≈..
#.# #.........≈≈.
#.# #.....≈≈....≈
#.# #....≈..≈≈..≈
#.###....≈....≈≈.
####.##......≈≈⌠....
#..†..........⌠≈≈...
#.##.###...≈≈....≈.
#.##.# #.♣;..≈≈..≈
#.##.# #..≈....≈≈
#.##.. #..?≈≈....
#.###. #....≈≈...
#.# .##.###≈≈≈≈≈ #[#
.#### #≈≈≈≈ #.# ####
#.# #..


You could see an electric eel.

Vanquished Creatures
  Pikel (D:4)
  Grinder (D:6)
  Sigmund (D:2)
  Eustachio (D:5)
  Menkaure (D:5)
  Edmund (D:5)
  An ogre (D:4)
  A phantom (D:4)
  A centaur (D:5)
  Blork the orc (D:4)
  2 scorpions
  A howler monkey (D:7)
  A crimson imp (D:7)
  3 orc priests
  2 hounds
  A jelly (D:3)
  3 orc wizards
  Crazy Yiuf (D:4)
  A centaur skeleton (D:4)
  Natasha (thrice) (D:4)
  An iguana (D:7)
  4 worker ants
  A hound zombie (D:7)
  A worker ant zombie (D:7)
  5 adders
  An ooze (D:2)
  3 worms
  A dart slug (D:2)
  5 leopard geckos
  10 orcs
  3 giant cockroaches
  8 goblins
  5 hobgoblins
  7 jackals
  6 kobolds
  3 quokkas
  A ball python (D:2)
  4 bats
  5 frilled lizards
  A quokka skeleton (D:5)
  6 rats
109 creatures vanquished.

Vanquished Creatures (others)
  A jelly (D:4)
  A hound (D:4)
  3 jackals (D:4)
  A quokka (D:4)
  2 frilled lizards (D:4)
8 creatures vanquished.

Grand Total: 117 creatures vanquished

Notes
Turn   | Place    | Note
-------+----------+-------------------------------------------
     0 | D:1      | Alfie the Minotaur Fighter began the quest for the Orb.
     0 | D:1      | Reached XP level 1. HP: 19/19 MP: 0/0
   150 | D:1      | Reached XP level 2. HP: 25/26 MP: 1/1
   861 | D:2      | Noticed Sigmund
   871 | D:2      | Reached skill level 3 in Long Blades
   871 | D:2      | Reached XP level 3. HP: 33/33 MP: 2/2
   881 | D:2      | Killed Sigmund
   881 | D:2      | Reached skill level 4 in Long Blades
   881 | D:2      | Reached skill level 1 in Dodging
   881 | D:2      | Reached skill level 5 in Shields
   881 | D:2      | Reached XP level 4. HP: 2/40 MP: 3/3
   881 | D:2      | Reached XP level 5. HP: 3/46 MP: 4/4
  1212 | D:2      | Found a shattered altar of Ashenzari.
  1266 | D:2      | You fall through a shaft for 2 floors!
  1316 | D:4      | Noticed an ogre
  1320 | D:4      | Killed an ogre
  1320 | D:4      | Reached skill level 5 in Long Blades
  1320 | D:4      | Reached XP level 6. HP: 32/52 MP: 5/5
  1341 | D:4      | Noticed a slave
  1342 | D:4      | Noticed a slave
  1343 | D:4      | Noticed Pikel
  1357 | D:4      | Noticed a slave
  1361 | D:4      | Gained mutation: You are agile. (Dex +2) [potion of mutation]
  1361 | D:4      | Gained mutation: You are frail. (-10% HP) [potion of mutation]
  1361 | D:4      | Gained mutation: You have a pair of large horns on your head. [potion of mutation]
  1363 | D:4      | Killed Pikel
  1363 | D:4      | Reached skill level 6 in Long Blades
  1363 | D:4      | Reached skill level 5 in Armour
  1363 | D:4      | Reached XP level 7. HP: 4/54 MP: 6/6
  1492 | D:4      | Found a runed door.
  1578 | D:4      | Noticed Blork the orc
  1588 | D:4      | Killed Blork the orc
  1588 | D:4      | Reached skill level 5 in Fighting
  1775 | D:2      | Found a snail-covered altar of Cheibriados.
  1882 | D:3      | Reached skill level 7 in Long Blades
  2839 | D:4      | Reached XP level 8. HP: 53/61 MP: 7/7
  2893 | D:4      | Noticed Natasha
  2900 | D:4      | Killed Natasha
  3175 | D:4      | Found Ohiehoex's Antique Weapon Shop.
  3269 | D:4      | Noticed Natasha
  3276 | D:4      | Killed Natasha
  3407 | D:4      | Found a sacrificial altar of Ru.
  3638 | D:4      | Noticed Natasha
  3644 | D:4      | Killed Natasha
  3668 | D:4      | Noticed Crazy Yiuf
  3672 | D:4      | Killed Crazy Yiuf
  3736 | D:5      | Entered Level 5 of the Dungeon
  3885 | D:5      | Noticed Menkaure
  3893 | D:5      | Killed Menkaure
  3998 | D:5      | Noticed Edmund
  4009 | D:5      | Killed Edmund
  4162 | D:5      | Reached skill level 1 in Stealth
  4165 | D:5      | Reached skill level 8 in Long Blades
  4269 | D:5      | Noticed Eustachio
  4304 | D:5      | Killed Eustachio
  4368 | D:5      | Found a glowing silver altar of Zin.
  4368 | D:5      | Found a hazy altar of Hepliaklqana.
  4373 | D:5      | Found a faded altar of an unknown god.
  4375 | D:5      | Found a glowing golden altar of the Shining One.
  4377 | D:5      | Found a faded altar of an unknown god.
  4844 | D:6      | Noticed Grinder
  4845 | D:6      | Paralysed by Grinder for 2 turns
  4859 | D:6      | Killed Grinder
  4859 | D:6      | Reached skill level 9 in Long Blades
  4859 | D:6      | Reached XP level 9. HP: 63/70 MP: 8/8
  5337 | D:7      | HP: 3/70 [electric eel/bolt of electricity (9)]
  5339 | D:7      | Killed from afar by an electric eel

Skill      XL: |  1  2  3  4  5  6  7  8 |
---------------+-------------------------+-----
Shields        | 4 5 6 7 |  7.4
Long Blades    | 3 4 5 6 7 9 |  9.5
Fighting       | 4 5 6 |  6.6
Armour         | 4 5 6 7 |  7.3
Dodging        | 1 2 3 |  3.1
Stealth        | 1 |  1.3

Action                   |  1- 3 |  4- 6 |  7- 9 || total
-------------------------+-------+-------+-------++-------
Melee: Long sword        |    56 |    50 |   221 ||   327
       Headbutt          |     7 |    11 |    56 ||    74
  Use: Potion            |     3 |     3 |     2 ||     8
       Scroll            |       |       |    10 ||    10
  Eat: Bread ration      |       |     1 |     2 ||     3
       Royal jelly       |       |       |     1 ||     1
Armor: Scale mail        |    21 |    22 |    60 ||   103
Dodge: Dodged            |    14 |    13 |    61 ||    88
Block: Shield            |    26 |    35 |   102 ||   163
       Rpst.: Long sword |     5 |     2 |    16 ||    23
